AoeStats
← Sid

Arabia

508604403Analyzed
2v2 RM · 9d ago on Sep 23, 2026· 29m 37s· 4 players
Game mode
Random Map
Map size
Medium (4 player)
Population
200
Speed
Normal
Resources
Standard
Victory
Conquest
Starting age
Dark Age
Ending age
Imperial Age
RankedLock teamsTeams togetherTeam positionsShared explorationLock speedFull tech treeHidden civsTurbo modeCheats
Victory
Defeat
🇨🇱 Britons · Chile
1282
+15
🇳🇱 Magyars · Netherlands
1235
+16
🇯🇵 Varangians · Japan
1251
-16
🇯🇵 Saxons · Japan
1244
-15
fumin
6:52 Loom
9:06 Feudal Age
9:48 Double-Bit Axe
13:51 Fletching
21:05 Castle Age
19:16 Horse Collar
20:30 Padded Archer Armor
20:21 Gold Mining
21:45 Bodkin Arrow
22:06 Leather Archer Armor
21:20 Crossbowman
24:24 Gold Shaft Mining
Sid
7:16 Loom
9:32 Feudal Age
10:23 Double-Bit Axe
15:38 Bloodlines
21:18 Fletching
23:36 Horse Collar
26:14 Castle Age
26:31 Wheelbarrow
26:26 Gold Mining
26:55 Pikeman
27:36 Squires
27:39 Scale Mail Armor
27:50 Forging
29:04 Scale Barding Armor
Elise4life
7:19 Loom
10:40 Feudal Age
15:12 Castle Age
14:04 Double-Bit Axe
21:48 Scale Barding Armor
23:11 Bow Saw
24:16 Chain Barding Armor
24:55 Stone Mining
24:46 Horse Collar
30:04 Gold Mining
semarch98
6:33 Loom
8:48 Feudal Age
9:33 Double-Bit Axe
13:55 Wheelbarrow
14:38 Fletching
16:22 Padded Archer Armor
23:42 Castle Age
22:36 Horse Collar
24:26 Bodkin Arrow
23:53 Crossbowman
25:51 Ballistics
Connection lost

Rejoining the realm…

Still unreachable

The connection could not be restored.

Session expired

The server has moved on; the page needs a fresh start.